 Dungeon Crawl Stone Soup version 0.31.0-32-g396128a36d (webtiles) character file.

Game seed: 262524815832395034

86 Cheops the Cudgeller (level 4, 0/39 HPs)
             Began as a Minotaur Berserker on Apr 3, 2024.
             Was a Believer of Trog.
             Succumbed to Crazy Yiuf's poison
             ... on level 2 of the Dungeon.
             The game lasted 00:02:46 (1194 turns).

Cheops the Cudgeller (Minotaur Berserker)           Turns: 1194, Time: 00:02:47

Health: 0/39       AC:  8    Str: 23    XL:     4   Next: 27%
Magic:  3/3        EV: 17    Int:  4    God:    Trog [**....]
Gold:   93         SH:  0    Dex: 10    Spells: 3/3 levels left

rFire   . . .        a - +0 mace
rCold   . . .        (no shield)
rNeg    . . .        b - +0 animal skin
rPois   .            (helmet restricted)
rElec   .            (no cloak)
rCorr   .            (no gloves)
SInv    .            p - +1 pair of boots {rampage}
Will    .....        (no amulet)
Stlth   +            c - +5 ring of evasion
HPRegen 0.26/turn    k - +4 ring of protection
MPRegen 0.08/turn

%: rampage
@: lethally poisoned (0 -> -11)
A: horns 2, retaliatory headbutt
a: Renounce Religion, Berserk, Trog's Hand


You were on level 2 of the Dungeon.
You worshipped Trog.
Trog was pleased with you.
You visited 1 branch of the dungeon, and saw 2 of its levels.

You collected 115 gold pieces.
You spent 22 gold pieces at shops.

Inventory:

Hand Weapons
 a - a +0 mace (weapon)
Armour
 b - a +0 animal skin (worn)
 p - a +1 pair of boots of rampaging (worn)
Jewellery
 c - a +5 ring of evasion (left hand)
 f - a ring of willpower
 k - a +4 ring of protection (right hand)
 r - a +6 ring of strength
Scrolls
 d - a scroll of enchant weapon {unknown}
 g - 4 scrolls of teleportation {unknown}
 i - a scroll of noise
 l - a scroll of immolation {unknown}
Potions
 e - a potion of brilliance {unknown}
 h - 2 potions of might {unknown}
 j - 2 potions of attraction {unknown}
 m - a potion of magic {unknown}
 n - 2 potions of cancellation {unknown}
 o - a potion of mutation {unknown}
 q - 2 potions of curing {unknown}
 s - a potion of enlightenment {unknown}


   Skills:
 - Level 3.6 Fighting
 + Level 6.2 Maces & Flails
 - Level 2.4 Armour
 - Level 2.1 Dodging


You had 3 spell levels left.
You didn't know any spells.
Your spell library was empty.

Dungeon Overview and Level Annotations

Branches:
Dungeon (2/15)

Altars:

Shops:
D:1 ?:[((


Innate Abilities, Weirdness & Mutations

You have a pair of horns on your head.
You reflexively headbutt those who attack you in melee.


Message History

The bat hits you.
You sock the bat!
You kill the bat!
Trog accepts your kill.
No target in view!
No target in view!
No target in view!
No target in view!
No target in view!
No target in view!
There is a stone staircase leading down here.
You see here a +0 hammer.
Could not explore, unopened runed door.
Could not explore, unopened runed door.
Could not explore, unopened runed door.
You open the door.
You rampage towards Crazy Yiuf!
You closely miss Crazy Yiuf.
Crazy Yiuf hits you with a +3 quarterstaff of chaos!
* * * LOW HITPOINT WARNING * * *
You are lethally poisoned!
Unknown command.
Unknown command.
You hit Crazy Yiuf. Your headbutt misses Crazy Yiuf.
Crazy Yiuf is moderately wounded.
* * * LOW HITPOINT WARNING * * *
You feel very sick.
Crazy Yiuf hits you with a +3 quarterstaff of chaos!
* * * LOW HITPOINT WARNING * * *
You feel drained.
* * * LOW HITPOINT WARNING * * *
You sock Crazy Yiuf! You headbutt Crazy Yiuf.
You kill Crazy Yiuf!
Trog accepts your kill.
* * * LOW HITPOINT WARNING * * *
You feel very sick.
Your life force feels restored.
Your Maces & Flails skill increases to level 6!
You have reached level 4!
You feel agile.
You die...

...# #.....###.#..... ...#
#...........|... ...# ###
#....####....... ...# #.# ######
##...... ..## #.# #...... ..#
#.# #...... ### #.# #####
♣♣##...... #.# #)..#♣♣
♣♣)...+#.## #.#
#..@'.♣♣♣♣).....#.# #.#
#...#♣..♣.).)...#.# ### #.#
#####♣♣♣.♣....###.# ..# #.#
♣♣♣♣♣### #.# #.########.# ####.#
........##.################....#
........##.................#####
........##.....†...........#
........#############......#


There were no monsters in sight!

Vanquished Creatures
  Crazy Yiuf (D:2)
  An adder (D:2)
  A dart slug (D:1)
  4 endoplasms
  2 giant cockroaches
  6 goblins
  6 hobgoblins
  3 jackals (D:1)
  5 quokkas
  2 ball pythons (D:1)
  2 bats
  5 frilled lizards
  4 kobolds
  A rat (D:1)
43 creatures vanquished.

Notes
Turn   | Place    | Note
-------+----------+-------------------------------------------
     0 | D:1      | Cheops the Minotaur Berserker began the quest for the Orb.
     0 | D:1      | Reached XP level 1. HP: 19/19 MP: 0/0
    49 | D:1      | Reached skill level 4 in Maces & Flails
    91 | D:1      | Found Duefyen's Weapon Shop.
   132 | D:1      | Reached XP level 2. HP: 26/26 MP: 1/1
   257 | D:1      | Found Idghudasku's Weapon Emporium.
   301 | D:1      | Found Taawniuk's Magic Scroll Shop.
   313 | D:1      | Bought a scroll of identify for 22 gold pieces
   359 | D:1      | Found Qufasy's Book Shop.
   403 | D:1      | Reached skill level 5 in Maces & Flails
   406 | D:1      | Found Zyablov's Armour Emporium.
   501 | D:1      | Reached XP level 3. HP: 31/31 MP: 2/2
   571 | D:2      | Reached ** piety under Trog
   792 | D:2      | Identified the +9 hammer of the Immovable Seas {freeze,
                  | rPois Dex+2}
   795 | D:2      | Found a runed translucent door.
   796 | D:2      | Noticed Crazy Yiuf
  1193 | D:2      | Killed Crazy Yiuf
  1194 | D:2      | Reached skill level 6 in Maces & Flails
  1194 | D:2      | Reached XP level 4. HP: 2/39 MP: 3/3
  1194 | D:2      | Succumbed to Crazy Yiuf's poison

Illustrated notes

Levels and vault maps discovered:
D:1:      minmay_arrival_jagged, layout_basic, serial_shops, shop,
          nicolae_shop_statue_plus, nicolae_shop_back_alley_shop,
          nicolae_shop_tiny_waterfront, shop_scrolls
D:2:      layout_basic, uniq_crazy_yiuf_cottage

Skill      XL: |  1  2  3 |
---------------+----------+-----
Maces & Flails | 4 5 6 |  6.2
Fighting       | |  3.6
Armour         | |  2.4
Dodging        | |  2.1

Action                     |  1- 3 |  4- 6 || total
---------------------------+-------+-------++-------
  Melee: Mace              |    79 |       ||    79
         Headbutt          |    10 |       ||    10
         Punch             |     1 |       ||     1
    Use: Scroll            |     1 |       ||     1
   Stab: Sleeping          |     2 |       ||     2
 Armour: Animal skin       |    25 |       ||    25
  Dodge: Dodged            |    60 |       ||    60
